Map: 蓝移-天梯版

Players

IIIIIIIII

  • Race: Terran Terran

电脑难度(新手) - Winner!

  • Race: Protoss Protoss

VOD

Have the link to the VOD?

Description

Time

  • Played on: Dec. 25, 2018, 1:09 a.m.
  • Length: 8:48
Show
View Real Time Build Order
Export as new Build Order

IIIIIIIII Terran 

Build Orders: Reaper Expand 

Get SALT Encoding   

  12  0:01  SCV  
  13  0:13  SCV  
  14  0:18  Supply Depot  
  14  0:25  SCV  
  15  0:40  SCV  
  16  0:43  Barracks  
  16  0:47  Refinery  
  16  0:57  SCV  
  17  1:09  SCV  
  18  1:21  SCV  
  19  1:35  Reaper  
  19  1:36  Orbital Command  
  20  1:54  Command Center  
  20  2:02  SCV  
  21  2:08  Supply Depot  
  21  2:09  Barracks Tech Lab  
  21  2:20  Factory  
  21  2:27  Marauder  
  23  2:32  Refinery  
  23  2:35  SCV  
  24  2:47  SCV  
  25  2:59  SCV  
  25  3:04  Marine  
  27  3:05  Orbital Command  
  27  3:09  Cyclone  
  27  3:12  SCV  
  31  3:24  Marine, SCV  
  31  3:26  Engineering Bay  
  33  3:32  SCV  
  34  3:36  SCV  
  34  3:41  Cyclone  
  38  3:43  Bunker  
  38  3:46  SCV  
  39  3:57  Missile Turret, SCV  
  39  3:58  SCV  
  39  3:59  Missile Turret  
  39  4:02  Barracks Reactor  
  41  4:09  SCV, Supply Depot  
  42  4:16  Cyclone  
  46  4:29  Starport  
  45  4:33  Supply Depot  
  45  4:37  SCV x2  
  48  4:49  SCV x2  
  48  4:50  Liberator  
  49  4:58  Supply Depot  
  49  5:00  Widow Mine x2  
  49  5:01  SCV x2  
  49  5:02  Barracks Reactor  
  55  5:13  SCV x2  
  60  5:25  Widow Mine x2, SCV  
  65  5:33  Liberator, Supply Depot  
  65  5:42  Marine x2  
  67  5:44  Command Center  
  67  5:47  Armory  
  67  5:55  Widow Mine  
  72  6:01  Supply Depot  
  72  6:06  Marine x2  
  72  6:10  Refinery x2  
  72  6:11  SCV x2  
  76  6:23  SCV  
  77  6:27  Factory Tech Lab  
  77  6:28  Marine x2  
  77  6:31  SCV  
  80  6:40  Terran Ship Weapons Level 1  
  80  6:41  Engineering Bay  
  80  6:45  Raven  
  80  6:46  SCV  
  83  6:48  SCV  
  83  6:50  Barracks  
  83  6:51  Barracks  
  84  6:58  SCV, Orbital Command  
  84  7:01  Drilling Claws  
  85  7:05  Marine  
  85  7:06  Marine  
  85  7:07  Widow Mine  
  89  7:12  SCV x2  
  91  7:23  Marine  
  91  7:24  Marine  
  91  7:25  Supply Depot  
  93  7:30  Supply Depot  
  93  7:36  Orbital Command  
  93  7:40  Starport  
  93  7:43  Fusion Core  
  93  7:45  Starport Reactor  
  93  7:51  SCV  
  93  7:53  Marine x4  
  99  7:58  SCV  
  99  8:02  Marine, Widow Mine  
  99  8:05  SCV  
  103  8:08  Refinery, SCV  
  103  8:11  Marine x2  
  103  8:12  Supply Depot  
  106  8:13  Refinery  
  106  8:15  Marine  
  106  8:16  Marine, Supply Depot  
  108  8:20  Marine, SCV  
  108  8:26  SCV  
  114  8:29  Marine  
  115  8:39  Factory Reactor  
  121  8:46  Supply Depot  
Show
View Real Time Build Order
Export as new Build Order

电脑难度(新手) Protoss - Winner!

Build Orders: 1 Gate Expand, Nexus First 

Get SALT Encoding   

  12  0:00  Probe  
  13  0:13  Probe  
  14  0:20  Pylon  
  14  0:43  Gateway  
  14  1:00  Nexus  
  14  1:19  Pylon  
  14  1:21  Zealot  
  14  1:24  Assimilator  
  16  1:36  Cybernetics Core  
  16  1:38  Probe  
  17  1:50  Probe  
  18  2:00  Probe, Assimilator  
  18  2:05  Stalker  
  19  2:08  Probe  
  19  2:11  Warp Gate  
  22  2:17  Probe  
  23  2:23  Probe  
  24  2:32  Probe  
  25  2:39  Probe  
  26  2:46  Probe, Pylon  
  27  2:53  Probe  
  28  3:00  Probe  
  29  3:08  Probe  
  30  3:12  Robotics Facility  
  30  3:15  Probe  
  31  3:29  Assimilator  
  31  3:30  Probe, Zealot  
  34  3:37  Probe  
  35  3:44  Probe  
  36  3:52  Probe  
  37  3:59  Probe  
  37  4:01  Observer  
  39  4:03  Assimilator  
  39  4:04  Probe  
  40  4:11  Probe  
  40  4:16  Probe  
  41  4:23  Observer, Probe  
  44  4:34  Probe  
  44  4:38  Pylon  
  45  4:42  Probe  
  46  4:47  Stalker  
  46  4:49  Probe  
  49  4:56  Probe  
Tags
 
Add a new tag
Caveats
  • Supply blocks, unpowered buildings, or Contaminate may cause inaccurate times.
  • Supply counts are checked every 10 seconds.